 Dungeon Crawl Stone Soup version 0.22.1-1-ga44c0e5 (webtiles) character file.

644901 Irenicus the Hoplite (level 26, 0/322 HPs)
             Began as a Deep Dwarf Assassin on Oct 9, 2018.
             Was the Champion of Makhleb.
             Slain by a reaper
             ... wielding a +5 scythe of slicing
             ... summoned by a mummy priest's death curse
              (3 damage)
             ... on level 3 of the Tomb of the Ancients on Oct 10, 2018.
             The game lasted 04:45:14 (30502 turns).

Irenicus the Hoplite (Deep Dwarf Assassin)         Turns: 30502, Time: 04:45:15

Health: 0/322      AC: 26    Str: 24      XL:     26   Next: 59%
Magic:  32/33      EV: 19    Int:  8      God:    Makhleb [******]
Gold:   1236       SH: 35    Dex: 12 (22) Spells: 26/37 levels left

rFire    + + .     SeeInvis .   N - +9 broad axe (elec)
rCold    . . .     Gourm    .   V - +10 large shield of Ignorance {rN+ Int-4}
rNeg     + + +     Faith    +   (armour currently unavailable)
rPois    ∞         Spirit   .   e - +2 helmet
rElec    +         Reflect  .   k - scarf {cloud immunity}
rCorr    .         Harm     .   (gloves currently unavailable)
MR       +++..                  (boots currently unavailable)
Stlth    +++.......             D - amulet "Ucofomn" {Faith rElec Int-3 Slay+5}
HPRegen  0.00/turn              J - ring of Pellomeo {rF+ rN+ Int+3}
MPRegen  0.23/turn              m - ring of Trepidation {rF+ MP+9 Slay+3}

@: mighty, statue-form, non-regenerating, hasted and slowed, very slow
A: damage resistance, heal wounds, blink, blurry vision 2, negative energy
resistance 1, sense surroundings 3, poison resistance, no regeneration
}: 5/15 runes: serpentine, barnacled, slimy, silver, abyssal
a: Heal Wounds, End Transformation, Blink, Minor Destruction, Lesser Servant of
Makhleb, Major Destruction, Greater Servant of Makhleb, Renounce Religion


You were on level 3 of the Tomb of the Ancients.
You worshipped Makhleb.
Makhleb was exalted by your worship.
You were not hungry.
You were a stone statue.
You visited 13 branches of the dungeon, and saw 54 of its levels.
You visited the Abyss 1 time.
You also visited: Trove, Ossuary, Ice Cave and Wizlab.

You collected 6432 gold pieces.
You spent 5196 gold pieces at shops.

Inventory:

Hand Weapons
 f - a +7 broad axe
   (You took it off a hell knight on level 1 of the Depths)
 N - a +9 broad axe of electrocution (weapon)
   (You took it off Asterion on level 3 of the Snake Pit)
Armour
 a - the +5 ring mail of Day (melded) {rPois rCorr Dex+5}
   (You found it in an ice cave)

   It affects your dexterity (+5).
   It protects you from poison.
   It provides partial protection from all sources of acid and corrosion.
 b - a +1 cloak of poison resistance
   (You found it in a treasure trove)
 e - a +2 helmet (worn)
   (You found it on level 4 of the Dungeon)
 k - a scarf of cloud immunity (worn)
   (You found it on level 4 of the Snake Pit)
 s - the +3 pair of gauntlets of War (melded) {Slay+5}
   (You bought it in a shop on level 3 of the Elven Halls)

   It affects your accuracy and damage with ranged weapons and melee attacks
   (+5).
 w - a +2 pair of boots (melded)
   (You found it on level 5 of the Dungeon)
 V - the +10 large shield of Ignorance (worn) {rN+ Int-4}
   (You found it on level 9 of the Dungeon)

   It affects your intelligence (-4).
   It protects you from negative energy.
Jewellery
 h - the ring "Zyerchugg" {rCorr Str+3 Dex+2}
   (You found it in a treasure trove)

   [ring of resist corrosion]

   It affects your strength (+3).
   It affects your dexterity (+2).
 m - the ring of Trepidation (right hand) {rF+ MP+9 Slay+3}
   (You found it in a treasure trove)

   [ring of magical power]

   It affects your accuracy and damage with ranged weapons and melee attacks
   (+3).
   It protects you from fire.
   It affects your magic capacity (+9).
 n - the ring "Loriox" {rElec Dex+3}
   (You found it on level 5 of the Pits of Slime)

   [ring of dexterity]

   It affects your dexterity (+3).
   It insulates you from electricity.
 r - the ring "Tuagamn" {rF+ MR+}
   (You found it on level 2 of the Depths)

   [ring of protection from fire]

   It protects you from fire.
   It affects your resistance to hostile enchantments.
 x - the ring of the Nightingale {+Fly rC+}
   (You acquired it on level 5 of the Vaults)

   [ring of flight]

   It protects you from cold.
   It lets you fly.
 D - the amulet "Ucofomn" (around neck) {Faith rElec Int-3 Slay+5}
   (You took it off a mummy priest on level 1 of the Tomb of the Ancients)

   [amulet of faith]

   It allows you to gain divine favour quickly.
   It affects your intelligence (-3).
   It affects your accuracy and damage with ranged weapons and melee attacks
   (+5).
   It insulates you from electricity.
 E - the ring of Sloth {rN+ Dex+5}
   (You found it on level 3 of the Elven Halls)

   [ring of dexterity]

   It affects your dexterity (+5).
   It protects you from negative energy.
 G - a +5 ring of protection
   (You found it on level 1 of the Shoals)
 J - the ring of Pellomeo (left hand) {rF+ rN+ Int+3}
   (You found it on level 3 of the Crypt)

   [ring of protection from fire]

   It affects your intelligence (+3).
   It protects you from fire.
   It protects you from negative energy.
Wands
 p - a wand of acid (17)
   (You found it on level 1 of the Lair of Beasts)
 t - a wand of iceblast (14)
   (You found it on level 1 of the Tomb of the Ancients)
 A - a wand of paralysis (9)
   (You found it on level 5 of the Pits of Slime)
 F - a wand of disintegration (47)
   (You found it on level 3 of the Snake Pit)
 K - a wand of scattershot (11)
   (You found it on level 3 of the Shoals)
 S - a wand of clouds (10)
   (You found it on level 1 of the Lair of Beasts)
 U - a wand of polymorph (53)
   (You found it on level 9 of the Dungeon)
Scrolls
 d - a scroll of identify
 i - 2 scrolls of holy word {!r}
 l - 15 scrolls of teleportation
 u - 3 scrolls of enchant armour
 y - 23 scrolls of remove curse
 B - 5 scrolls of fear
 I - 9 scrolls of fog
 M - 9 scrolls of immolation {!r}
 Q - 8 scrolls of blinking {!r}
 T - a scroll of summoning
Potions
 c - 6 potions of haste
 j - 17 potions of curing
 v - 8 potions of agility
 z - 5 potions of brilliance
 C - 6 potions of might
 H - a potion of berserk rage {!q}
 O - 2 potions of flight
 P - 2 potions of lignification {!q}
 W - 2 potions of cancellation
 Y - a potion of mutation {!q}
 Z - 4 potions of resistance
Miscellaneous
 o - a fan of gales
   (You found it on level 5 of the Vaults)
 q - 2 phantom mirrors
 L - a lamp of fire (inert)
   (You found it on level 5 of the Pits of Slime)
 R - a lightning rod (4/4)
   (You found it on level 2 of the Snake Pit)
Comestibles
 g - 79 rations


   Skills:
 + Level 16.8 Fighting
   Level 9.0(9.3) Short Blades
   Level 4.0(7.4) Long Blades
 + Level 23.0 Axes
 - Level 1.7 Throwing
 - Level 5.1 Armour
 - Level 13.2 Dodging
 - Level 7.1 Stealth
 - Level 25.1 Shields
 - Level 6.1 Spellcasting
 - Level 8.3 Translocations
 - Level 15.5 Transmutations
 - Level 20.7 Earth Magic
 - Level 14.0 Evocations


You had 26 spell levels left.
You knew the following spells:

 Your Spells              Type           Power        Failure   Level  Hunger
a - Statue Form           Tmut/Erth      ####.....    1%          6    #######
b - Blink                 Tloc           N/A          1%          2    ##.....
g - Apportation           Tloc           ###...       1%          1    #......
m - Sublimation of Blood  Necr           #.........   34%         2    ##.....

Your spell library contained the following spells:

 Spells                   Type           Power        Failure   Level  Hunger
 Sandblast                Erth           #####.       0%          1    #......
 Stone Arrow              Conj/Erth      ###...       1%          3    ###....
 Petrify                  Tmut/Erth      ####....     1%          4    #####..
 Gell's Gravitas          Tloc           ###.......   2%          3    ###....
 Lesser Beckoning         Tloc           ###.......   2%          3    ###....
 Leda's Liquefaction      Hex/Erth       ###.......   3%          4    #####..
 Shroud of Golubria       Chrm/Tloc      #.........   6%          2    ##.....
 Hydra Form               Tmut           ####......   6%          6    #######
 Passage of Golubria      Tloc           N/A          8%          4    #####..
 Ignite Poison            Fire/Tmut/Pois ##......     9%          3    ###....
 Ice Form                 Ice/Tmut       ##......     10%         4    #####..
 Portal Projectile        Hex/Tloc       #.....       13%         3    ###....
 Animate Skeleton         Necr           N/A          24%         1    #......
 Confusing Touch          Hex            #.....       24%         1    #......
 Corona                   Hex            #......      24%         1    #......
 Flame Tongue             Conj/Fire      #....        24%         1    #......
 Infusion                 Chrm           #...         24%         1    #......
 Magic Dart               Conj           #...         24%         1    #......
 Pain                     Necr           #...         24%         1    #......
 Shock                    Conj/Air       #...         24%         1    #......
 Sting                    Conj/Pois      #...         24%         1    #......
 Summon Butterflies       Summ           #.......     24%         1    #......
 Summon Small Mammal      Summ           #...         24%         1    #......
 Alistair's Intoxication  Tmut/Pois      ##......     26%         5    ######.
 Irradiate                Conj/Tmut      ##........   26%         5    ######.
 Yara's Violent Unravell  Hex/Tmut       ##........   26%         5    ######.
 Call Imp                 Summ           #.......     34%         2    ##.....
 Corpse Rot               Necr           N/A          34%         2    ##.....
 Ensorcelled Hibernation  Hex/Ice        #.....       34%         2    ##.....
 Poisonous Vapours        Pois/Air       #.....       34%         2    ##.....
 Searing Ray              Conj           #.....       34%         2    ##.....
 Slow                     Hex            #.......     34%         2    ##.....
 Song of Slaying          Chrm           #.......     34%         2    ##.....
 Swiftness                Chrm/Air       #.......     34%         2    ##.....
 Throw Flame              Conj/Fire      #.....       34%         2    ##.....
 Throw Frost              Conj/Ice       #.....       34%         2    ##.....
 Dragon Form              Tmut           ####......   34%         7    #######
 Bolt of Magma            Conj/Fire/Erth ##........   36%         5    ######.
 Force Lance              Conj/Tloc      #.......     38%         4    #####..
 Iron Shot                Conj/Erth      ###.......   45%         6    #######
 Call Canine Familiar     Summ           #.......     56%         3    ###....
 Confuse                  Hex            #.......     56%         3    ###....
 Conjure Flame            Conj/Fire      #.......     56%         3    ###....
 Dazzling Spray           Conj/Hex       #.....       56%         3    ###....
 Inner Flame              Hex/Fire       #.......     56%         3    ###....
 Mephitic Cloud           Conj/Pois/Air  #.......     56%         3    ###....
 Spectral Weapon          Hex/Chrm       #.......     56%         3    ###....
 Static Discharge         Conj/Air       #.......     56%         3    ###....
 Summon Guardian Golem    Hex/Summ       #.......     56%         3    ###....
 Tukima's Dance           Hex            #.......     56%         3    ###....
 Vampiric Draining        Necr           #.........   56%         3    ###....
 Summon Forest            Summ/Tloc      #.........   75%         5    ######.
 Dispersal                Tloc           ###.......   75%         6    #######
 Airstrike                Air            #.........   93%         4    #####..
 Animate Dead             Necr           N/A          93%         4    #####..
 Cause Fear               Hex            #.........   93%         4    #####..
 Fulminant Prism          Conj/Hex       #.........   93%         4    #####..
 Iskenderun's Mystic Bla  Conj           #.......     93%         4    #####..
 Olgreb's Toxic Radiance  Pois           #.......     93%         4    #####..
 Sticky Flame             Conj/Fire      #.......     93%         4    #####..
 Summon Ice Beast         Ice/Summ       #.......     93%         4    #####..
 Summon Lightning Spire   Summ/Air       #.......     93%         4    #####..
 Throw Icicle             Conj/Ice       #.......     93%         4    #####..
 Shatter                  Erth           #####.....   99%         9    #######
 Agony                    Necr           #.......     100%        5    ######.
 Bolt of Draining         Conj/Necr      #.........   100%        5    ######.
 Dispel Undead            Necr           #.......     100%        5    ######.
 Excruciating Wounds      Chrm/Necr      #.........   100%        5    ######.
 Fireball                 Conj/Fire      #.........   100%        5    ######.
 Iskenderun's Battlesphe  Conj/Chrm      #.......     100%        5    ######.
 Lightning Bolt           Conj/Air       #.........   100%        5    ######.
 Metabolic Englaciation   Hex/Ice        #.........   100%        5    ######.
 Silence                  Hex/Air        #.........   100%        5    ######.
 Venom Bolt               Conj/Pois      #.........   100%        5    ######.
 Bolt of Cold             Conj/Ice       #.........   100%        6    #######
 Bolt of Fire             Conj/Fire      #.........   100%        6    #######
 Death Channel            Necr           #.........   100%        6    #######
 Deflect Missiles         Chrm/Air       #.........   100%        6    #######
 Freezing Cloud           Conj/Ice/Air   #.........   100%        6    #######
 Invisibility             Hex            #.......     100%        6    #######
 Malign Gateway           Summ/Tloc      #.........   100%        7    #######
 Monstrous Menagerie      Summ           #.........   100%        7    #######
 Orb of Destruction       Conj           #.........   100%        7    #######
 Ring of Flames           Chrm/Fire      #.........   100%        7    #######
 Spellforged Servitor     Conj/Summ      #.........   100%        7    #######
 Summon Greater Demon     Summ           #.........   100%        7    #######
 Summon Hydra             Summ           #.........   100%        7    #######
 Controlled Blink         Tloc           N/A          100%        8    #######
 Discord                  Hex            #.........   100%        8    #######
 Disjunction              Tloc           ###.......   100%        8    #######
 Ignition                 Fire           #.........   100%        8    #######
 Summon Horrible Things   Summ           #.........   100%        8    #######
 Tornado                  Air            #.........   100%        9    #######
 Regeneration             Chrm/Necr      Unusable     N/A         3    N/A

Dungeon Overview and Level Annotations

Branches:
Dungeon (15/15)            Temple (1/1) D:5            Lair (6/6) D:8
 Shoals (4/4) Lair:4        Snake (4/4) Lair:2        Slime (5/5) Lair:6
    Orc (2/2) D:12            Elf (3/3) Orc:2        Vaults (5/5) D:14
  Crypt (3/3) Vaults:2       Tomb (3/3) Crypt:3      Depths (2/5) D:15
   Hell (1/1)
    Dis: Hell:1         Geh: Hell:1         Coc: Hell:1         Tar: Hell:1

Altars:
Ashenzari
Cheibriados
Dithmenos
Elyvilon
Fedhas
Gozag
Hepliaklqana
Kikubaaqudgha
Makhleb
Nemelex Xobeh
Okawaru
Qazlal
Ru
Sif Muna
Trog
Uskayaw
Vehumet
Wu Jian
Xom
Yredelemnul
Zin
The Shining One
Jiyva

Shops:
D:6 [   D:9 !   D:12 %   Orc:1 [   Orc:2 ((%!(   Elf:3 [}**   Shoals:3 ?
Snake:3 [[   Snake:4 [   Vaults:4 [   Vaults:5 !?!?%??

Portals:
Hell: Depths:2
Abyss: Depths:2

Annotations:
D:6 3 runed doors, bmj180's ghost, novice HuFi
D:9 1 runed door, exclusion: 4 orange crystal statues
Lair:6 exclusion: 3 oklob plants


Innate Abilities, Weirdness & Mutations

You are resistant to damage.
You can heal yourself by infusing magical energy.
You resist negative energy. (rN+)
You passively map a large area around you.
You do not regenerate.
You can translocate small distances at will.
Scrolls take you longer to read.
Your system is resistant to poisons. (rPois)
((You are covered in fur. (AC +1)))


Message History

An ancient champion comes into view. It is wielding a battleaxe of draining.
You take 6 damage, and have 42/322 hp.
You chop the skeletal warrior into pieces!!!!
You destroy the skeletal warrior!
Makhleb accepts your kill.
You feel better.
You slice the spectral ice dragon!! x2
You slice the titan zombie!! You slice the freezing wraith!!
You barely miss the guardian mummy. You slice the guardian mummy!!
You block the spectral ice dragon's attack. x3
The titan zombie hits you!!
* * * LOW HITPOINT WARNING * * *
The greater mummy calls on the powers of darkness!
The emperor scorpion convulses! x2; Your body is wracked with pain!
* * * LOW HITPOINT WARNING * * *
The greater mummy calls on the powers of darkness!
Your body is wracked with pain!
The emperor scorpion convulses! x2
You block the guardian mummy's attack.
The reaper hits you from afar with a scythe of slicing!
* * * LOW HITPOINT WARNING * * *
You block the spectral ice dragon's attack.
The spectral ice dragon claws you but does no damage.
You block the spectral ice dragon's attack.
The freezing wraith is engulfed in seething chaos.
The freezing wraith seems to speed up.
The freezing wraith closely misses you. The freezing wraith barely misses you.
The hellwing is engulfed in blazing flames.
The spectral ice dragon bites you but does no damage.
The spectral ice dragon misses you.
The spectral ice dragon barely misses you.
The guardian mummy hits you.
You take 14 damage, and have 28/322 hp.
You feel much better.
The death scarab is engulfed in blazing flames.
You block the freezing wraith's attack. x2
You block the greater mummy's attack.
You block the spectral ice dragon's attack. x2
The spectral ice dragon misses you.
The guardian mummy hits you but does no damage.
The snapping turtle skeleton is engulfed in blazing flames.
The guardian mummy closely misses you.
The mummy priest mumbles some strange prayers to its god against you.
Something smites you!
* * * LOW HITPOINT WARNING * * *
The spectral ice dragon completely misses you.
The spectral ice dragon claws you but does no damage.
The spectral ice dragon completely misses you.
The freezing wraith completely misses you.
The freezing wraith hits you.
* * * LOW HITPOINT WARNING * * *
The freezing wraith drains your vigour!
You feel as though you will be slow longer.
The reaper hits you from afar with a scythe of slicing!!
* * * LOW HITPOINT WARNING * * *
x2 The guardian mummy misses you.
You take 5 damage, and have 23/322 hp.
You feel much better. You block the freezing wraith's attack.
The freezing wraith hits you but does no damage.
The greater mummy hits you.
You block the spectral ice dragon's attack.
The spectral ice dragon claws you.
The spectral ice dragon tramples you but does no damage.
The spectral storm dragon is engulfed in blazing flames.
The spectral ice dragon barely misses you.
The spectral ice dragon claws you.
You block the spectral ice dragon's attack.
The guardian mummy misses you.
The guardian mummy hits you but does no damage.
The snapping turtle skeleton is engulfed in blazing flames.
The wraith barely misses you. The guardian mummy hits you.
The greater mummy hits you. The reaper hits you but does no damage.
The spectral ice dragon completely misses you.
The spectral ice dragon closely misses you.
The spectral ice dragon misses you.
The spectral storm dragon is engulfed in blazing flames.
The spectral ice dragon barely misses you.
The spectral ice dragon completely misses you. x2
You regained 22 hp, and now have 45/322 hp.
Really read
i - 2 scrolls of holy word {!r}?
Really read with blurry vision while enemies are nearby?
The ancient champion casts a spell.
The ancient champion seems to speed up.
You block the guardian mummy's attack. The greater mummy casts a spell at you.
Something smites you!
* * * LOW HITPOINT WARNING * * *
You block the spectral ice dragon's attack.
The spectral ice dragon claws you.
The spectral ice dragon tramples you but does no damage.
The greater mummy hits you but does no damage.
Something hits you!
* * * LOW HITPOINT WARNING * * *
Something drains your vigour!
You feel as though you will be slow longer.
You block the guardian mummy's attack.
The spectral ice dragon bites you but does no damage.
The spectral ice dragon claws you but does no damage.
The spectral ice dragon tramples you but does no damage.
The snapping turtle skeleton is engulfed in blazing flames.
The reaper hits you from afar with a scythe of slicing!!
* * * LOW HITPOINT WARNING * * *
You die... ,, ,, * , ,, **...?..§§.M , , ,, , ...?.... , , , , ,, ,, #§MMWM§#* , , , , , , #ZWz4M§#* . , , , . ,#M4MZZM# ..., , , , ...#zMMs{M#.... , ,, , ...'ZWZsMs4.[.. , ,, ,, , , #WMZ8MM#

,
,#.MW†M.#
,, * , ,
*#..ZW2.#*
, * ,,,
*#......#*
, , , *
*,, ,
#....^.# *
* , ,*
#......#
**,, * *
########


You could see 3 greater mummies, 2 emperor scorpions, a reaper, an ancient
champion, a mummy priest, a flayed ghost, a hellwing, 7 guardian mummies, 2 ice
devils, a freezing wraith, 2 spectral ice dragons, a spectral storm dragon, 2
hungry ghosts, 2 wraiths, a death scarab, 6 mummies, a wight, an iron dragon
simulacrum, a titan zombie, a snapping turtle skeleton and a centaur skeleton.

Vanquished Creatures
  the Royal Jelly (Slime:5)
  An ancient lich (Tomb:2)
  Mara (Tomb:2)
  21 greater mummies
  Saint Roka (Snake:4)
  Vashnia (Snake:3)
  Geryon (Hell)
  3 golden dragons (Vaults:5)
  the Enchantress (Depths:2)
  2 profane servitors
  4 bone dragons
  6 tentacled monstrosities (Vaults:5)
  A hellephant (Abyss:5)
  Rupert (D:14)
  5 liches
  Asterion (Snake:3)
  A quicksilver dragon (Vaults:5)
  3 titans (Vaults:5)
  2 deep elf blademasters (Elf:3)
  9 tentacled starspawn (Abyss:5)
  11 acid blobs
  An Executioner (Abyss:5)
  Frances (Shoals:1)
  12 sphinxes
  Kirke (D:13)
  6 shadow dragons (Vaults:5)
  A storm dragon (Vaults:5)
  4 ancient champions
  6 tengu reavers (Vaults:5)
  A kraken (Shoals:4)
  A daeva (Abyss:5)
  An azure jelly (shapeshifter) (Vaults:5)
  3 revenants
  12 azure jellies
  3 frost giants
  4 fire giants
  7 nagarajas
  6 deep elf sorcerers (Elf:3)
  6 vault wardens
  A ghost moth (shapeshifter) (Abyss:5)
  A cacodemon (Abyss:5)
  A balrug (Abyss:5)
  5 deep elf elementalists
  2 iron dragons
  2 curse skulls
  2 draconian annihilators (Abyss:5)
  5 ghouls
  4 reapers (Hell)
  5 ironheart preservers
  5 spriggan defenders (Depths:2)
  5 stone giants
  5 war gargoyles
  11 very ugly things
  2 deep elf demonologists
  8 deep elf annihilators
  2 bennus (Tomb:2)
  3 vampire knights
  Azrael (D:13)
  10 purple draconians (WizLab)
  A lorocyproca (Abyss:5)
  A yellow draconian (Abyss:5)
  A dire elephant (Depths:2)
  6 merfolk javelineers
  5 eidola
  9 ettins
  8 jiangshi
  2 merfolk impalers
  6 statues (WizLab)
  7 deep elf death magi
  4 blizzard demons
  2 quicksilver dragon zombies
  3 fire dragons (Depths:1)
  2 crystal guardians (Abyss:5)
  22 mummy priests
  8 great orbs of eyes
  A great orb of eyes (shapeshifter) (Abyss:5)
  9 yaktaur captains
  6 deep elf high priests
  10 ogre magi
  8 death oozes (Slime:5)
  Josephine (Lair:5)
  3 rakshasas
  Harold (D:7)
  10 naga warriors
  7 spriggan air magi
  5 hydras
  A juggernaut simulacrum (Depths:1)
  2 centaur warriors (Depths:1)
  4 merfolk avatars (Shoals:4)
  30 vault guards
  7 death knights
  3 alligator snapping turtles
  3 merfolk aquamancers
  A catoblepas (Lair:5)
  A satyr (Shoals:3)
  27 two-headed ogres
  7 anacondas
  6 death yaks (Depths:2)
  21 dancing weapons
  3 tengu warriors
  36 death scarabs
  3 spriggan berserkers (Depths:2)
  A deep troll earth mage (Depths:1)
  12 small abominations
  3 hell hogs (Hell)
  A titan zombie (Depths:1)
  28 thrashing horrors (Abyss:5)
  A deep troll shaman (Depths:1)
  4 vampire magi
  3 orc high priests
  6 sun demons
  2 storm dragon zombies
  10 shock serpents
  14 naga sharpshooters
  2 titan skeletons
  3 soul eaters (Hell)
  A golden dragon zombie (Crypt:3)
  31 deep elf knights
  40 skeletal warriors
  8 unseen horrors (Abyss:5)
  12 hell knights
  A sixfirhy (Abyss:5)
  9 wretched stars (Abyss:5)
  3 storm dragon skeletons
  3 flayed ghosts
  A wizard (Elf:1)
  An unseen horror (shapeshifter) (D:13)
  2 anaconda zombies (Crypt:3)
  2 salamander mystics (Snake:4)
  2 ghost moth zombies
  2 spatial maelstroms (Abyss:5)
  2 deep trolls (Vaults:5)
  19 sea snakes
  6 ironbrand convokers
  18 phantasmal warriors
  14 deep elf archers
  An anaconda skeleton (Tomb:2)
  A spriggan druid (Depths:2)
  5 glowing orange brains
  A shadow demon (Abyss:5)
  4 naga ritualists
  Pikel (D:5)
  8 orc knights
  8 necromancers
  3 wolf spider zombies
  13 mana vipers
  An orb spider (shapeshifter) (Depths:1)
  17 harpies
  A wolf spider (Vaults:5)
  A shadow dragon zombie (Crypt:3)
  80 deep elf magi
  10 salamanders
  9 orc sorcerers
  9 fauns
  17 ugly things
  9 cyclopes
  2 shining eyes (Slime:5)
  A cyclops (shapeshifter) (Vaults:5)
  3 rust devils (Hell)
  2 fire giant zombies
  A frost giant skeleton (Hell)
  A salamander (shapeshifter) (Depths:1)
  3 worldbinders (Abyss:5)
  A fire giant skeleton (Crypt:2)
  41 starcursed masses (Abyss:5)
  2 stone giant zombies
  11 elephants
  A black mamba (shapeshifter) (Elf:3)
  10 merfolk sirens
  2 stone giant skeletons
  10 manticores
  9 smoke demons (Abyss:5)
  3 ice statues (IceCv)
  2 water nymphs
  43 black mambas
  10 guardian serpents
  3 guardian serpents (shapeshifter) (Abyss:5)
  18 naga magi
  2 eyes of devastation
  2 vault sentinels
  2 torpor snails (Lair:3)
  6 spiny frogs
  9 yaktaurs
  An efreet (Abyss:5)
  A hellion (Hell)
  16 centaur skeletons
  A catoblepas zombie (Crypt:3)
  A tormentor (Hell)
  6 komodo dragons
  A redback zombie (Crypt:1)
  A yaktaur zombie (Depths:1)
  5 ice devils
  3 rime drakes
  15 freezing wraiths
  A yaktaur skeleton (Depths:1)
  2 red devils (Abyss:5)
  4 ancient zymes (Abyss:5)
  4 demonic crawlers (Hell)
  4 hellwings (Abyss:5)
  7 wind drakes
  32 guardian mummies
  3 trolls
  2 tengu conjurers
  19 hornets
  17 merfolk
  2 harpy skeletons
  2 tyrant leeches (Lair:3)
  55 slime creatures
  3 polar bears (Lair:6)
  2 snapping turtles
  16 raiju
  An ettin zombie (Crypt:3)
  Grinder (D:3)
  An ice dragon zombie (Crypt:3)
  A hydra skeleton (Crypt:1)
  16 dream sheep
  An ettin skeleton (Abyss:5)
  2 fire dragon zombies
  2 air elementals (Elf:3)
  11 hippogriffs
  28 flying skulls
  A meliai zombie (Crypt:1)
  Sigmund (D:2)
  An ice dragon skeleton (Crypt:2)
  46 spriggans
  4 shadows
  A centaur simulacrum (D:15)
  10 wraiths
  A spriggan (shapeshifter) (D:13)
  A black mamba zombie (Crypt:3)
  11 ushabtiu
  20 water elementals
  A fire dragon skeleton (Tomb:1)
  2 ynoxinuls (Abyss:5)
  8 fire elementals
  2 hogs (D:13)
  2 basilisks (D:8)
  12 golden eyes
  9 wyverns
  45 yaks
  A hungry ghost (Abyss:5)
  5 chaos spawn (Abyss:5)
  5 neqoxecs (Abyss:5)
  30 large abominations (Abyss:5)
  3 wargs
  A steam dragon (D:10)
  A swamp worm (shapeshifter) (Vaults:5)
  An insubstantial wisp (Abyss:5)
  An infernal demonspawn zombie (Crypt:2)
  2 spatial vortices (Abyss:5)
  2 acid dragons
  6 swamp worms (Lair:3)
  12 hell hounds
  48 nagas
  A water moccasin (shapeshifter) (Vaults:5)
  Edmund (D:5)
  A spiny frog zombie (Crypt:3)
  A faun skeleton (Crypt:1)
  Duvessa (D:5)
  19 water moccasins
  7 porcupines
  A swamp drake (D:8)
  A hornet zombie (D:12)
  2 snapping turtle zombies
  3 sky beasts
  8 black bears
  35 orc warriors
  29 ogres
  2 eyes of draining
  An ice dragon simulacrum (Crypt:1)
  A black bear (shapeshifter) (Vaults:2)
  A black mamba simulacrum (Crypt:2)
  An ice beast (shapeshifter) (D:15)
  10 necrophages
  13 ice beasts
  3 phantoms
  7 boggarts
  22 centaurs
  A manticore skeleton (Crypt:1)
  25 wolves (Lair:6)
  A dream sheep skeleton (Crypt:1)
  12 crocodiles
  A blink frog skeleton (Crypt:1)
  4 elf zombies
  21 bullfrogs
  3 gnoll sergeants
  Blork the orc (D:5)
  5 earth elementals
  A wyvern zombie (D:12)
  Dowan (D:5)
  2 wyvern skeletons
  4 scorpions
  14 killer bees
  A raiju zombie (Crypt:1)
  A troll zombie (Crypt:2)
  A snapping turtle simulacrum (Hell)
  18 wights
  3 howler monkeys
  8 crimson imps
  2 bullfrog zombies (D:10)
  An elf simulacrum (Crypt:2)
  10 centaur zombies
  A human zombie (Ossuary)
  3 jellies
  5 hounds
  2 bullfrog skeletons
  24 orc priests
  2 iron imps (Hell)
  5 iguanas
  Terence (D:2)
  4 hell rats
  Natasha (twice) (D:2)
  A human skeleton (Hell)
  29 orc wizards
  8 worker ants
  A big kobold zombie (Ossuary)
  3 hound skeletons
  36 mummies
  A worker ant zombie (D:9)
  Robin (D:4)
  18 adders
  12 gnolls
  A howler monkey skeleton (Crypt:1)
  6 river rats (Lair:5)
  A swamp drake skeleton (Crypt:2)
  2 shadow imps
  4 oozes (Lair:6)
  An adder zombie (D:7)
  2 adder skeletons
  4 worms
  5 dart slugs
  5 leopard geckos
  107 orcs
  4 ball pythons
  15 bats
  3 giant cockroaches
  A gnoll zombie (Crypt:1)
  4 hobgoblins
  12 jackals
  2 quokkas
  8 frilled lizards
  12 goblins
  A goblin zombie (Ossuary)
  7 hobgoblin zombies (Ossuary)
  A jackal zombie (D:8)
  6 kobolds
  A kobold skeleton (Crypt:1)
  9 kobold zombies (Ossuary)
  A leopard gecko zombie (D:6)
  10 orc zombies (Ossuary)
  A quokka skeleton (D:8)
  12 rats
  A rat zombie (Ossuary)
  6 crawling corpses (Elf:3)
  2 lurking horrors (Abyss:5)
  7 plants
  12 starspawn tentacles (Abyss:5)
  A tentacle (Shoals:4)
2536 creatures vanquished.

Vanquished Creatures (collateral kills)
  An ogre mage (Depths:2)
1 creature vanquished.

Vanquished Creatures (others)
  A hellephant (Abyss:5)
  A vault guard (D:14)
  40 death scarabs (Tomb:2)
  An unseen horror (Abyss:5)
  2 sea snakes
  2 deep elf magi
  A manticore (Shoals:1)
  A raiju (shapeshifter) (Abyss:5)
  4 yaks (Lair:6)
  4 golden eyes (Abyss:5)
  A neqoxec (Abyss:5)
  A naga (Snake:4)
  A small abomination (Abyss:5)
  3 boggarts
  2 orc wizards (Orc:2)
  A bullfrog skeleton (D:5)
  An iguana (D:5)
  An adder (Snake:2)
  A tengu simulacrum (Hell)
  A leopard gecko (D:5)
  2 orcs (Vaults:5)
  3 jackals (D:5)
  A ball python (Snake:2)
  A bush (Abyss:5)
  6 fungi
  2 lurking horrors (Abyss:5)
  18 plants
  10 starspawn tentacles (Abyss:5)
  3 tentacles (Shoals:4)
116 creatures vanquished.

Grand Total: 2653 creatures vanquished

Notes
Turn   | Place    | Note
-------+----------+-------------------------------------------
     0 | D:1      | Irenicus the Deep Dwarf Assassin began the quest for the
                  | Orb.
     0 | D:1      | Reached XP level 1. HP: 19/19 MP: 1/1
    97 | D:1      | Reached skill level 2 in Short Blades
    97 | D:1      | Reached skill level 5 in Stealth
   119 | D:1      | Reached skill level 2 in Fighting
   174 | D:1      | Reached XP level 2. HP: 21/26 MP: 2/2
   486 | D:2      | Reached XP level 3. HP: 19/32 MP: 3/3
   489 | D:2      | Reached skill level 6 in Stealth
   552 | D:2      | Found a faded altar of an unknown god.
   764 | D:2      | Noticed Sigmund
   767 | D:2      | Killed Sigmund
   767 | D:2      | Reached skill level 5 in Dodging
   767 | D:2      | Reached XP level 4. HP: 21/39 MP: 4/4
   767 | D:2      | Reached XP level 5. HP: 24/45 MP: 5/5
   832 | D:2      | Noticed Natasha
   839 | D:2      | Killed Natasha
   853 | D:2      | Noticed Terence
   869 | D:2      | HP: 9/45 [Terence/flail (5)]
   872 | D:2      | Killed Terence
   930 | D:2      | Noticed Natasha
   967 | D:2      | HP: 7/45 [Natasha (7)]
   969 | D:2      | Gained mutation: You are covered in fur. (AC +1) [potion of
                  | mutation]
   969 | D:2      | Gained mutation: Your magical capacity is low. (-10% MP)
                  | [potion of mutation]
   969 | D:2      | Gained mutation: You are partially covered in icy blue
                  | scales. (AC +2) [potion of mutation]
   974 | D:2      | Killed Natasha
   974 | D:2      | Reached skill level 7 in Stealth
   974 | D:2      | Reached XP level 6. HP: 35/52 MP: 5/5
  1434 | D:3      | Noticed Grinder
  1455 | D:3      | Paralysed by Grinder for 4 turns
  1462 | D:3      | Killed Grinder
  1462 | D:3      | Reached skill level 4 in Short Blades
  1462 | D:3      | Reached XP level 7. HP: 27/60 MP: 6/6
  1673 | D:4      | Noticed Robin
  1738 | D:4      | Killed Robin
  1866 | D:4      | Reached skill level 5 in Short Blades
  2031 | D:4      | Found an ornate altar of the Wu Jian Council.
  2176 | D:4      | Found a blossoming altar of Fedhas.
  2176 | D:4      | Found a sacrificial altar of Ru.
  2253 | D:5      | Entered Level 5 of the Dungeon
  2278 | D:5      | Noticed Pikel
  2299 | D:5      | Killed Pikel
  2299 | D:5      | Reached skill level 7 in Short Blades
  2299 | D:5      | Reached XP level 8. HP: 25/67 MP: 7/7
  2308 | D:5      | HP: 13/67 [adder (3)]
  2378 | D:5      | Noticed Edmund
  2382 | D:5      | Killed Edmund
  2407 | D:5      | HP: 12/67 [hound skeleton (1)]
  2425 | D:5      | HP: 17/100 [hound skeleton (1)]
  2430 | D:5      | Reached skill level 8 in Short Blades
  2444 | D:5      | HP: 15/100 [phantom (2)]
  2471 | D:5      | HP: 14/100 [phantom (1)]
  2525 | D:5      | Found a staircase to the Ecumenical Temple.
  2534 | Temple   | Entered the Ecumenical Temple
  2620 | Temple   | Became a worshipper of Makhleb the Destroyer
  2703 | D:5      | Noticed Blork the orc
  2732 | D:5      | Found a sand-covered staircase.
  2737 | Ossuary  | Entered an ossuary
  3002 | Ossuary  | Reached * piety under Makhleb
  3011 | Ossuary  | HP: 14/67 [human zombie (3)]
  3103 | Ossuary  | Reached skill level 9 in Short Blades
  3115 | Ossuary  | Reached skill level 1 in Evocations
  3115 | Ossuary  | HP: 16/67 [elf zombie (6)]
  3135 | Ossuary  | HP: 14/67 [elf zombie (2)]
  3140 | Ossuary  | Reached skill level 2 in Evocations
  3313 | D:5      | Noticed Dowan
  3317 | D:5      | Gained mutation: You passively map the area around you.
                  | [Deep Dwarf growth]
  3317 | D:5      | Reached XP level 9. HP: 15/73 MP: 9/9
  3319 | D:5      | Noticed Duvessa
  3334 | D:5      | Killed Duvessa
  3334 | D:5      | Reached skill level 3 in Evocations
  3340 | D:5      | HP: 15/73 [Dowan/stone arrow (8)]
  3345 | D:5      | Killed Dowan
  3448 | D:5      | HP: 14/73 [orc/mace of protection (1)]
  3473 | D:5      | HP: 17/73 [orc/mace of protection (1)]
  3492 | D:5      | Killed Blork the orc
  3492 | D:5      | Reached skill level 6 in Dodging
  3540 | D:6      | Found a shattered altar of Ashenzari.
  3606 | D:6      | HP: 14/73 [phantom (3)]
  3654 | D:6      | Found Tuane's Armour Shop.
  3671 | D:6      | Reached skill level 4 in Evocations
  3738 | D:6      | HP: 18/73 [orc wizard/puff of flame (1)]
  3900 | D:6      | Reached skill level 5 in Evocations
  3956 | D:6      | Reached ** piety under Makhleb
  3995 | D:6      | Reached skill level 7 in Dodging
  4264 | D:6      | Reached skill level 6 in Evocations
  4289 | D:6      | Found a runed gate.
  4289 | D:6      | Found a runed gate.
  4289 | D:6      | Found a runed gate.
  4290 | D:6      | Noticed bmj180's ghost (novice HuFi)
  4361 | D:7      | Found a sparkling altar of Nemelex Xobeh.
  4398 | D:7      | Noticed Harold
  4822 | D:7      | Got an iridescent scimitar
  4823 | D:7      | Identified the +7 scimitar of Xom {flame, rF+} (You found
                  | it on level 7 of the Dungeon)
  4864 | D:7      | Reached skill level 8 in Dodging
  4874 | D:7      | HP: 18/73 [spriggan baker/dagger (7)]
  4889 | D:7      | HP: 13/73 [spriggan baker/dagger (3)]
  4897 | D:7      | HP: 13/73 [spriggan baker/dagger (10)]
  4911 | D:7      | Reached skill level 9 in Dodging
  5046 | D:7      | HP: 14/73 [Harold/short sword (15)]
  5054 | D:7      | Killed Harold
  5054 | D:7      | Reached skill level 10 in Dodging
  5054 | D:7      | Reached XP level 10. HP: 40/80 MP: 13/13
  5215 | D:8      | Reached *** piety under Makhleb
  5300 | D:8      | Reached skill level 1 in Long Blades
  5310 | D:8      | Reached skill level 11 in Dodging
  5357 | D:8      | Reached skill level 2 in Long Blades
  5495 | D:8      | Reached **** piety under Makhleb
  5609 | D:8      | Reached skill level 3 in Long Blades
  5708 | D:8      | Found a staircase to the Lair.
  5720 | D:8      | Reached skill level 12 in Dodging
  6111 | D:9      | Found Qoyx's Distillery.
  6145 | D:9      | Reached skill level 4 in Long Blades
  6257 | D:9      | Learned a level 1 spell: Apportation
  6296 | D:9      | Reached skill level 1 in Shields
  6371 | D:9      | Reached skill level 1 in Armour
  6398 | D:9      | Found a runed door.
  6406 | D:9      | Found the +10 large shield of Ignorance {rN+ Int-4}
  6406 | D:9      | Noticed an orange crystal statue
  6406 | D:9      | Noticed an orange crystal statue
  6406 | D:9      | Noticed an orange crystal statue
  6406 | D:9      | Noticed an orange crystal statue
  6416 | D:9      | Found a bloodstained altar of Trog.
  6430 | D:9      | Found a runed door.
  6435 | D:9      | Noticed a two-headed ogre
  6443 | D:9      | Killed a two-headed ogre
  6443 | D:9      | Reached skill level 2 in Armour
  6443 | D:9      | Reached skill level 2 in Shields
  6443 | D:9      | Reached XP level 11. HP: 86/86 MP: 14/14
  6551 | D:10     | Entered Level 10 of the Dungeon
  6637 | D:10     | Reached skill level 3 in Shields
  6637 | D:10     | Reached skill level 1 in Translocations
  6701 | D:10     | Reached skill level 2 in Translocations
  6886 | D:11     | Found a portal to a secret trove of treasure.
  6937 | D:11     | Learned a level 2 spell: Blink
  7036 | D:11     | Reached skill level 4 in Shields
  7052 | D:11     | Reached skill level 3 in Translocations
  7366 | D:11     | Noticed a red ugly thing
  7372 | D:11     | Killed a red ugly thing
  7372 | D:11     | Reached ***** piety under Makhleb
  7372 | D:11     | Reached skill level 4 in Translocations
  7480 | D:12     | You fall through a shaft for 2 floors!
  7480 | D:14     | Noticed an orc sorcerer
  7480 | D:14     | Noticed an orc knight
  7480 | D:14     | Noticed a deep elf knight
  7480 | D:14     | Noticed an orc sorcerer
  7484 | D:14     | Killed an orc sorcerer
  7488 | D:14     | Killed an orc knight
  7488 | D:14     | Reached skill level 5 in Translocations
  7490 | D:14     | Killed an orc sorcerer
  7490 | D:14     | Reached skill level 6 in Translocations
  7498 | D:14     | Killed a deep elf knight
  7517 | D:14     | Found a gate to the Vaults.
  7517 | D:14     | Noticed a vault guard
  7518 | D:14     | Noticed a vault guard
  7534 | D:14     | Killed a vault guard
  7534 | D:14     | Reached skill level 7 in Translocations
  7542 | D:14     | HP: 17/86 [vault guard/enchanted dire flail (10)]
  7543 | D:14     | Killed a vault guard
  7543 | D:14     | Reached skill level 8 in Translocations
  7543 | D:14     | HP: 5/86 [shot self (12)]
  7571 | D:14     | Noticed a vault guard
  7585 | D:14     | Noticed a vault guard
  7606 | D:14     | HP: 15/86 [vault guard/great mace (26)]
  7617 | D:14     | HP: 16/86 [vault guard/great mace (21)]
  7622 | D:14     | HP: 18/86 [something (6)]
  7623 | D:14     | Killed a vault guard
  7623 | D:14     | Reached skill level 1 in Spellcasting
  7670 | D:14     | Killed a vault guard
  7670 | D:14     | Reached skill level 3 in Fighting
  7670 | D:14     | Reached skill level 2 in Spellcasting
  7720 | D:14     | HP: 20/91 [manticore/volley of spikes (5)]
  7724 | D:14     | Reached skill level 4 in Fighting
  7726 | D:14     | HP: 23/92 [manticore (2)]
  7732 | D:14     | Reached XP level 12. HP: 56/100 MP: 14/14
  7789 | D:14     | Reached skill level 5 in Fighting
  7821 | D:14     | Reached skill level 6 in Fighting
  7937 | D:14     | Noticed a tengu warrior
  8062 | D:13     | Reached skill level 7 in Fighting
  8114 | D:13     | Noticed Azrael
  8140 | D:13     | Killed Azrael
  8140 | D:13     | Reached skill level 8 in Fighting
  8530 | D:13     | Reached skill level 9 in Fighting
  8536 | D:13     | Noticed Kirke
  8573 | D:13     | Killed Kirke
  8616 | D:13     | Reached skill level 10 in Fighting
  8726 | D:13     | Reached ****** piety under Makhleb
  8799 | D:14     | Killed a tengu warrior
  8821 | D:14     | Noticed Rupert
  8823 | D:14     | Paralysed by Rupert for 7 turns
  8901 | D:14     | Killed Rupert
  8901 | D:14     | Reached skill level 13 in Dodging
  8901 | D:14     | Reached XP level 13. HP: 74/123 MP: 15/15
  8966 | D:12     | Reached skill level 1 in Axes
  8975 | D:12     | Reached skill level 2 in Axes
  9053 | D:12     | Reached skill level 3 in Axes
  9263 | D:12     | Found a staircase to the Orcish Mines.
  9328 | D:12     | Found Xiquvall's Food Shoppe.
  9466 | Orc:1    | Entered Level 1 of the Orcish Mines
  9489 | D:12     | Reached skill level 5 in Shields
  9517 | D:12     | HP: 28/123 [orc knight/great sword of holy wrath (16)]
  9529 | D:12     | Reached skill level 6 in Shields
  9553 | Orc:1    | Found Naoll's Antique Armour Shop.
  9590 | Orc:1    | Gained mutation: Scrolls take you a little longer to read.
                  | [a neqoxec]
  9592 | Orc:1    | HP: 22/123 [orc high priest/divine providence (10)]
  9595 | Orc:1    | HP: 7/123 [sixfirhy[an orc high priest] (10)]
  9598 | Orc:1    | Reached skill level 7 in Shields
  9602 | Orc:1    | HP: 28/123 [orc priest/divine providence (14)]
  9748 | Orc:2    | Entered Level 2 of the Orcish Mines
  9908 | Orc:2    | Found Jyluroor's Weapon Shoppe.
  9908 | Orc:2    | Found Pofu's Distillery.
  9925 | Orc:2    | HP: 29/123 [orc high priest/divine providence (11)]
  9931 | Orc:2    | Reached skill level 8 in Shields
  9932 | Orc:2    | HP: 22/123 [orc high priest/divine providence (13)]
  9944 | Orc:2    | HP: 26/123 [orc high priest/nerve-wracking pain (6)]
  9944 | Orc:2    | HP: 4/123 [sun demon[an orc high priest] (22)]
  9964 | Orc:2    | HP: 22/123 [orc warrior/halberd (14)]
  9986 | Orc:2    | HP: 18/123 [orc warrior/broad axe (15)]
  9993 | Orc:2    | Reached skill level 9 in Shields
 10027 | Orc:2    | Found Zitay's Antique Weapon Emporium.
 10030 | Orc:2    | Found Guv Fatt's Food Shoppe.
 10040 | Orc:2    | Bought a potion of heal wounds for 65 gold pieces
 10187 | Orc:2    | Found Nulleqai's Antique Weapon Shoppe.
 10195 | Orc:2    | Bought a crystal falchion for 136 gold pieces
 10199 | Orc:2    | Identified the +9 falchion "Opsev" {slice, Dex+3} (You
                  | bought it in a shop on level 2 of the Orcish Mines)
 10204 | Orc:2    | Found a staircase to the Elven Halls.
 10386 | Orc:1    | Reached skill level 10 in Shields
 10562 | D:8      | You fall through a shaft for 3 floors!
 10663 | Lair:1   | Entered Level 1 of the Lair of Beasts
 11221 | Lair:2   | Found a staircase to the Snake Pit.
 11295 | Lair:2   | Reached skill level 11 in Shields
 11555 | Lair:3   | Gained mutation: You resist negative energy. (rN+) [Deep
                  | Dwarf growth]
 11555 | Lair:3   | Reached XP level 14. HP: 122/132 MP: 14/14
 11806 | Lair:3   | Reached skill level 12 in Shields
 12244 | Lair:4   | Found a staircase to the Shoals.
 12469 | Lair:4   | Reached skill level 13 in Shields
 12623 | Lair:5   | Found a frozen archway.
 12642 | IceCv    | Entered an ice cave
 12677 | IceCv    | Identified the +5 ring mail of Day {rPois rCorr Dex+5} (You
                  | found it in an ice cave)
 12736 | IceCv    | HP: 33/132 [ice beast[an ice statue] (1)]
 12812 | IceCv    | Identified the +6 ice dragon scales of the Comet {+Inv
                  | rElec rF- rC++ rN+ Dex+3} (You found it in an ice cave)
 12885 | Lair:5   | Noticed Josephine
 12911 | Lair:5   | HP: 28/132 [six-headed hydra (11)]
 12917 | Lair:5   | Reached skill level 14 in Shields
 12917 | Lair:5   | HP: 39/198 [six-headed hydra (3)]
 12922 | Lair:5   | HP: 35/198 [six-headed hydra (2)]
 12924 | Lair:5   | HP: 17/198 [six-headed hydra (6)]
 12930 | Lair:5   | Killed Josephine
 12931 | Lair:5   | HP: 23/132 [five-headed hydra (12)]
 12933 | Lair:5   | HP: 10/132 [three-headed hydra (9)]
 12946 | Lair:5   | Got an ichor-stained leather armour
 12957 | Lair:5   | Identified the +2 leather armour of the Mantidfly {*Corrode
                  | +Fly MR+++ Str+3} (You found it on level 5 of the Lair of
                  | Beasts)
 13261 | Lair:5   | Found a shadowy altar of Dithmenos.
 13303 | Lair:5   | HP: 22/132 [catoblepas (13)]
 13350 | Lair:6   | Entered Level 6 of the Lair of Beasts
 13414 | Lair:6   | Reached skill level 15 in Shields
 13472 | Lair:6   | Found a staircase to the Slime Pits.
 13568 | Lair:6   | Identified the +9 rapier "Xajonoa" {speed, Str+2} (You
                  | found it on level 6 of the Lair of Beasts)
 13810 | Lair:6   | Reached skill level 16 in Shields
 13854 | Lair:6   | Reached XP level 15. HP: 138/138 MP: 14/14
 14400 | Snake:1  | Entered Level 1 of the Snake Pit
 14479 | Snake:1  | Reached skill level 3 in Armour
 14731 | Snake:1  | Reached skill level 4 in Armour
 14771 | Snake:1  | Reached skill level 17 in Shields
 14910 | Snake:2  | Noticed a nagaraja
 14967 | Snake:2  | Killed a nagaraja
 14967 | Snake:2  | Reached skill level 4 in Axes
 14967 | Snake:2  | Reached skill level 5 in Armour
 15058 | Snake:2  | HP: 30/138 [shock serpent/bolt of electricity (21)]
 15067 | Snake:2  | Reached skill level 5 in Axes
 15103 | Snake:2  | Reached skill level 6 in Axes
 15162 | Snake:2  | Reached skill level 7 in Axes
 15232 | Snake:2  | Reached skill level 8 in Axes
 15244 | Snake:2  | Reached skill level 9 in Axes
 15303 | Snake:2  | Reached skill level 10 in Axes
 15334 | Snake:2  | Identified the +11 falchion "Horilum" {drain, *Slow rPois
                  | rN+ Int+2} (You found it on level 2 of the Snake Pit)
 15418 | Snake:2  | Reached skill level 11 in Axes
 15450 | Snake:2  | Learned a level 6 spell: Statue Form
 15554 | Snake:3  | Reached skill level 12 in Axes
 15587 | Snake:3  | Found a stormy altar of Qazlal.
 15603 | Snake:3  | Noticed Vashnia
 15653 | Snake:3  | HP: 31/138 [naga sharpshooter/uncursed scimitar[Vashnia]
                  | (11)]
 15654 | Snake:3  | Killed Vashnia
 15654 | Snake:3  | Reached skill level 13 in Axes
 15654 | Snake:3  | Reached XP level 16. HP: 33/146 MP: 15/15
 15688 | Snake:3  | Reached skill level 14 in Axes
 15719 | Snake:3  | Found Guiloumu's Antique Armour Shoppe.
 15719 | Snake:3  | Found Irea's Antique Armour Emporium.
 15769 | Snake:3  | HP: 31/146 [shock serpent/electric aura (6)]
 16056 | Snake:3  | Reached skill level 15 in Axes
 16185 | Snake:3  | Noticed Asterion
 16195 | Snake:3  | Noticed an Executioner
 16203 | Snake:3  | Killed Asterion
 16258 | Snake:4  | Entered Level 4 of the Snake Pit
 16268 | Snake:4  | HP: 31/146 [black mamba (7)]
 16295 | Snake:4  | HP: 36/146 [nagaraja/spear (2)]
 16296 | Snake:4  | HP: 3/146 [nagaraja/spear (16)]
 16301 | Snake:4  | HP: 36/146 [shock serpent (3)]
 16310 | Snake:4  | HP: 32/146 [black mamba (14)]
 16311 | Snake:4  | HP: 13/146 [naga sharpshooter/arrow (3)]
 16314 | Snake:4  | HP: 5/146 [black mamba (12)]
 16317 | Snake:4  | Reached skill level 16 in Axes
 16458 | Snake:4  | Noticed Saint Roka
 16477 | Snake:4  | Reached skill level 17 in Axes
 16489 | Snake:4  | Killed Saint Roka
 16517 | Snake:4  | Identified the Tome of Attacks and Malediction
 16621 | Snake:4  | Found Huowelyn's Antique Armour Boutique.
 16640 | Snake:4  | Bought a pair of glowing gloves for 330 gold pieces
 16668 | Snake:4  | Bought a dazzling large shield for 418 gold pieces
 16680 | Snake:4  | Identified the +2 large shield of Ublyro {+Fly rPois} (You
                  | bought it in a shop on level 4 of the Snake Pit)
 16779 | Snake:4  | Identified a scroll of acquirement
 16780 | Snake:4  | Got a fine steel amulet
 16781 | Snake:4  | Identified the amulet of the Raven {Spirit rN+ MR+++ Str-3
                  | Int+3} (You acquired it on level 4 of the Snake Pit)
 16893 | Snake:4  | Reached skill level 18 in Axes
 16974 | Snake:4  | Reached XP level 17. HP: 153/153 MP: 0/14
 17015 | Snake:4  | Got a serpentine rune of Zot
 17333 | Shoals:1 | Entered Level 1 of the Shoals
 17336 | Shoals:1 | Reached skill level 18 in Shields
 17569 | Shoals:1 | Noticed Frances
 17599 | Shoals:1 | Killed Frances
 17743 | Shoals:1 | Reached skill level 19 in Shields
 17853 | Shoals:3 | Found Udaitonk's Magic Scroll Boutique.
 17876 | Shoals:3 | Bought a scroll of teleportation for 36 gold pieces
 17876 | Shoals:3 | Bought a scroll of blinking for 90 gold pieces
 18549 | Shoals:4 | Entered Level 4 of the Shoals
 18740 | Shoals:4 | Reached skill level 20 in Shields
 19002 | Shoals:4 | Gained mutation: You passively map a large area around you.
                  | [Deep Dwarf growth]
 19002 | Shoals:4 | Reached XP level 18. HP: 160/160 MP: 15/15
 19048 | Shoals:4 | Got a barnacled rune of Zot
 19088 | Shoals:4 | Learned a level 2 spell: Sublimation of Blood
 19218 | Shoals:4 | Identified the amulet of Efebao {+Blink rF- Regen+ Str+6
                  | Stlth+} (You found it on level 4 of the Shoals)
 19466 | Slime:1  | Entered Level 1 of the Pits of Slime
 19489 | Slime:3  | Reached skill level 21 in Shields
 19498 | Slime:3  | Reached skill level 7 in Evocations
 19548 | Slime:5  | Entered Level 5 of the Pits of Slime
 19551 | Slime:5  | Gained mutation: Your body sometimes deteriorates upon
                  | taking damage. [a shining eye]
 19583 | Slime:5  | Reached skill level 8 in Evocations
 19630 | Slime:5  | Found a viscous altar of Jiyva.
 19630 | Slime:5  | Noticed the Royal Jelly
 19659 | Slime:5  | Reached skill level 9 in Evocations
 19721 | Slime:5  | Killed the Royal Jelly
 19721 | Slime:5  | Reached skill level 10 in Evocations
 19726 | Slime:5  | Gained mutation: Your mind is acute. (Int +2) [a shining
                  | eye]
 19756 | Slime:5  | Found the +8 whip "Snakebite" {curare, rPois}
 19770 | Slime:5  | Identified the ring of Miwkuvelei {+Fly rN+} (You found it
                  | on level 5 of the Pits of Slime)
 19801 | Slime:5  | Identified the cursed +1 hand axe of the Reaper {flame, rC+
                  | rN+ Int+4} (You found it on level 5 of the Pits of Slime)
 19818 | Slime:5  | Got a smoking silver ring
 19820 | Slime:5  | Identified the ring of the Median {*Slow rPois Int+3} (You
                  | found it on level 5 of the Pits of Slime)
 19831 | Slime:5  | Got a steaming cloak
 19842 | Slime:5  | Identified the +1 cloak of Toaduip {MR++ Dex-5} (You found
                  | it on level 5 of the Pits of Slime)
 19871 | Slime:5  | Got a slimy rune of Zot
 19879 | Slime:5  | Irenicus: ?? curare
 19879 | Slime:5  | beem: curare[1/2]: A type of poison that will slow you,
                  | poison you, and do large impact damage (called
                  | asphyxiation). To avoid it you can use eXamine to avoid
                  | being in any blowgun wielding creature's line of fire for
                  | too long. Poison resistance prevents the poisoning and
                  | asphyxiation, as well as the slowing (being undead will
                  | too).
 19879 | Slime:5  | Got a fine ivory ring
 19880 | Slime:5  | Identified the ring "Loriox" {rElec Dex+3} (You found it on
                  | level 5 of the Pits of Slime)
 19979 | Slime:2  | Reached skill level 11 in Evocations
 20398 | Orc:1    | Bought the +3 robe of Folly {Archmagi, MR-- Int+5} for 1458
                  | gold pieces
 20398 | Orc:1    | Found the +3 robe of Folly {Archmagi, MR-- Int+5}
 20454 | Orc:2    | Bought a potion of berserk rage for 65 gold pieces
 20454 | Orc:2    | Bought a potion of haste for 130 gold pieces
 20454 | Orc:2    | Bought a potion of curing for 39 gold pieces
 20454 | Orc:2    | Bought a potion of curing for 39 gold pieces
 20454 | Orc:2    | Bought a potion of mutation for 104 gold pieces
 20454 | Orc:2    | Bought a potion of might for 52 gold pieces
 20454 | Orc:2    | Bought a potion of agility for 52 gold pieces
 20454 | Orc:2    | Bought a potion of curing for 39 gold pieces
 20454 | Orc:2    | Bought a potion of curing for 39 gold pieces
 20454 | Orc:2    | Bought a potion of resistance for 130 gold pieces
 20454 | Orc:2    | Lost mutation: You are partially covered in icy blue
                  | scales. (AC +2) [potion of mutation]
 20454 | Orc:2    | Lost mutation: Your body sometimes deteriorates upon taking
                  | damage. [potion of mutation]
 20454 | Orc:2    | Lost mutation: Scrolls take you a little longer to read.
                  | [potion of mutation]
 20454 | Orc:2    | Lost mutation: Your mind is acute. (Int +2) [potion of
                  | mutation]
 20454 | Orc:2    | Gained mutation: Your spells are a little harder to cast,
                  | but a little more powerful. [potion of mutation]
 20486 | Elf:1    | Entered Level 1 of the Elven Halls
 20599 | Elf:1    | Reached skill level 22 in Shields
 20803 | Elf:1    | Reached skill level 12 in Evocations
 20886 | Elf:2    | Found a magical portal.
 20895 | Elf:2    | Reached XP level 19. HP: 168/168 MP: 20/20
 20935 | WizLab   | Entered Iskenderun's Mystic Tower
 21078 | WizLab   | Reached skill level 13 in Evocations
 21079 | WizLab   | Identified Ygaunul's Tome of Helpful Air
 21094 | WizLab   | Identified Iskenderun's Grimoire of Conjuration
 21094 | WizLab   | Identified Iskenderun's Almanac of Arcane Weapons
 21338 | Elf:2    | Found an ancient bone altar of Kikubaaqudgha.
 21374 | Elf:2    | Found a runed gate.
 21375 | Elf:2    | Found a runed gate.
 21414 | Elf:2    | Found a runed gate.
 21478 | Elf:2    | Reached skill level 14 in Evocations
 21660 | Elf:2    | Reached skill level 23 in Shields
 21895 | Elf:3    | Entered Level 3 of the Elven Halls
 21918 | Elf:3    | Found Qaymesk's General Store.
 21920 | Elf:3    | Found Heixot's Gadget Emporium.
 21922 | Elf:3    | Found Qytoc's Armour Shoppe.
 22148 | Elf:3    | Reached skill level 24 in Shields
 22148 | Elf:3    | Reached XP level 20. HP: 176/176 MP: 22/22
 22233 | Elf:3    | Got a crude granite ring
 22233 | Elf:3    | Got a twitching silver ring
 22235 | Elf:3    | Identified the ring of Sloth {rN+ Dex+5} (You found it on
                  | level 3 of the Elven Halls)
 22240 | Elf:3    | Identified the ring of Buocs {rPois Dex+2} (You found it on
                  | level 3 of the Elven Halls)
 22248 | Elf:3    | Got a fine hand axe
 22249 | Elf:3    | Identified the +6 hand axe of a bailey {protect, rN+
                  | Stlth+} (You found it on level 3 of the Elven Halls)
 22262 | Elf:3    | Identified Sif Muna's Papyrus of Feathers
 22264 | Elf:3    | Got a faintly humming scale mail
 22265 | Elf:3    | Identified the cursed +0 scale mail of the Well-Known
                  | Cities {MR++} (You found it on level 3 of the Elven Halls)
 22542 | Elf:3    | Bought the +3 pair of gauntlets of War {Slay+5} for 950
                  | gold pieces
 22542 | Elf:3    | Found the +3 pair of gauntlets of War {Slay+5}
 22702 | Elf:3    | Found Ruwnist's Elven Fire.
 22712 | Elf:3    | Bought a scroll of immolation for 49 gold pieces
 22816 | Elf:2    | Irenicus: ?? manual
 22816 | Elf:2    | beem: manual[1/3]: Manuals let you train a skill more
                  | efficiently. While you carry it you train that skill at
                  | double speed - half the 'skill points' coming from the
                  | manual. It was generated with 2000-3000 'skill points' and
                  | you cannot 'waste' it, you always get the full amount.
 23003 | D:15     | Entered Level 15 of the Dungeon
 23071 | D:15     | Found a shadowy altar of Dithmenos.
 23528 | D:15     | Found a staircase to the Depths.
 23551 | Depths:1 | Entered Level 1 of the Depths
 23563 | Depths:1 | Reached skill level 25 in Shields
 23641 | Depths:1 | Reached skill level 1 in Earth Magic
 23648 | Depths:1 | Reached skill level 1 in Transmutations
 23648 | Depths:1 | Reached skill level 2 in Earth Magic
 23663 | Depths:1 | Reached skill level 2 in Transmutations
 23663 | Depths:1 | Reached skill level 3 in Earth Magic
 23680 | Depths:1 | Reached skill level 4 in Earth Magic
 23769 | Depths:1 | Reached skill level 3 in Transmutations
 23777 | Depths:1 | Reached skill level 5 in Earth Magic
 23800 | Depths:1 | Reached skill level 4 in Transmutations
 23805 | Depths:1 | Reached skill level 6 in Earth Magic
 23806 | Depths:1 | Found a snail-covered altar of Cheibriados.
 23862 | Depths:1 | HP: 41/176 [fire dragon/blast of flame (10)]
 23885 | Depths:1 | Reached skill level 7 in Earth Magic
 23908 | Depths:1 | Identified Ifasass's Volume of Lucky Poisoning
 23945 | Depths:1 | Reached skill level 5 in Transmutations
 24041 | Depths:1 | Identified Yphysyw's Almanac of Displaced Conjuration
 24153 | Depths:2 | Reached skill level 8 in Earth Magic
 24212 | Depths:2 | Reached XP level 21. HP: 183/183 MP: 23/23
 24219 | Depths:2 | Reached skill level 6 in Transmutations
 24255 | Depths:2 | Reached skill level 9 in Earth Magic
 24293 | Depths:2 | Noticed the Enchantress
 24346 | Depths:2 | Killed the Enchantress
 24346 | Depths:2 | Reached skill level 7 in Transmutations
 24346 | Depths:2 | Reached skill level 10 in Earth Magic
 24348 | Depths:2 | Identified the +4 faerie dragon scales {*Drain rElec Regen+
                  | rCorr} (You took it off the Enchantress on level 2 of the
                  | Depths)
 24368 | Depths:2 | Got a flickering bronze ring
 24372 | Depths:2 | Identified the ring "Tuagamn" {rF+ MR+} (You found it on
                  | level 2 of the Depths)
 24398 | Depths:2 | Found a one-way gate to the infinite horrors of the Abyss.
 24509 | Depths:2 | Found a bloodstained altar of Trog.
 24666 | Depths:2 | Found a gateway to Hell.
 24683 | Hell     | Entered the Vestibule of Hell
 24683 | Hell     | Noticed Geryon
 24704 | Hell     | Reached skill level 11 in Earth Magic
 24710 | Hell     | Reached skill level 8 in Transmutations
 24729 | Hell     | Killed Geryon
 24745 | Hell     | Reached skill level 12 in Earth Magic
 24765 | Hell     | Reached skill level 9 in Transmutations
 24843 | Hell     | Irenicus: ?? trove
 24843 | Hell     | beem: treasure trove[1/4]: For a price, you get some loot!
                  | Usually you get 16 items, some of which may be created
                  | using the acquirement code.
 24900 | Depths:1 | Reached skill level 13 in Earth Magic
 24992 | D:11     | You paid a toll of the horn of Geryon to enter a treasure
                  | trove
 24993 | Trove    | Entered a treasure trove
 24999 | Trove    | Found the +7 Spriggan's Knife {MR+ EV+4 Dex+4 Stlth+}
 25012 | Trove    | Got a pair of bloodstained gloves
 25012 | Trove    | Got a flickering granite ring
 25012 | Trove    | Got a smoking ivory ring
 25012 | Trove    | Got a sparkling wooden ring
 25014 | Trove    | Identified the ring "Zyerchugg" {rCorr Str+3 Dex+2} (You
                  | found it in a treasure trove)
 25016 | Trove    | Identified the ring of Trepidation {rF+ MP+9 Slay+3} (You
                  | found it in a treasure trove)
 25018 | Trove    | Identified the ring "Dyzomyewk" {rCorr rPois rC- Int+2}
                  | (You found it in a treasure trove)
 25029 | Trove    | Identified the +2 pair of gloves of Unreason {rC- Str+4
                  | Dex+5} (You found it in a treasure trove)
 25170 | Vaults:1 | Entered Level 1 of the Vaults
 25325 | Vaults:5 | Entered Level 5 of the Vaults
 25334 | Vaults:5 | Reached skill level 10 in Transmutations
 25345 | Vaults:5 | Reached skill level 14 in Earth Magic
 25349 | Vaults:5 | Reached XP level 22. HP: 190/190 MP: 24/24
 25434 | Vaults:5 | Reached skill level 11 in Transmutations
 25440 | Vaults:5 | Reached skill level 15 in Earth Magic
 25654 | Vaults:5 | Found Wukky's Magic Scroll Shop.
 25654 | Vaults:5 | Found Binto's Distillery.
 25658 | Vaults:5 | Reached skill level 16 in Earth Magic
 25690 | Vaults:5 | Reached skill level 12 in Transmutations
 25693 | Vaults:5 | Found Ququyt's Magic Scroll Shop.
 25693 | Vaults:5 | Found Ryff's Distillery.
 25709 | Vaults:5 | Found Hetafice's Food Shop.
 25723 | Vaults:5 | Noticed a golden dragon
 25738 | Vaults:5 | Killed a golden dragon
 25749 | Vaults:5 | Found Hischahue's Magic Scroll Boutique.
 25750 | Vaults:5 | Found Qocrazu's Magic Scroll Emporium.
 25754 | Vaults:5 | Bought a scroll of holy word for 135 gold pieces
 25761 | Vaults:5 | Bought a scroll of immolation for 45 gold pieces
 25772 | Vaults:5 | Got a silver rune of Zot
 25780 | Vaults:5 | Bought a scroll of immolation for 45 gold pieces
 25780 | Vaults:5 | Bought a scroll of immolation for 45 gold pieces
 25791 | Vaults:5 | Bought a scroll of blinking for 135 gold pieces
 25798 | Vaults:5 | Bought a potion of haste for 190 gold pieces
 25798 | Vaults:5 | Bought 2 potions of haste for 380 gold pieces
 25821 | Vaults:5 | Noticed a golden dragon
 25843 | Vaults:5 | Killed a golden dragon
 25853 | Vaults:5 | Irenicus: ?? tomb
 25853 | Vaults:5 | beem: tomb[1/5]: Accessed from the Crypt on the third
                  | level. Three levels deep, with a golden rune at the bottom.
                  | In 0.20, Tomb has its stairs replaced with one-way
                  | staircases that are escape hatches leading pre-determined
                  | destinations, thus preventing {stair dancing}. A returning
                  | one-way staircase can be found nearby (but out of LOS) of
                  | each staircase's destination.
 25899 | Vaults:5 | Reached skill level 17 in Earth Magic
 25958 | Vaults:5 | Noticed a golden dragon
 25969 | Vaults:5 | Killed a golden dragon
 25998 | Vaults:5 | Reached skill level 13 in Transmutations
 26038 | Vaults:5 | Identified the ring "Tosk" {rN+ Str+8 Int-3} (You acquired
                  | it on level 5 of the Vaults)
 26040 | Vaults:5 | Got a sparkling ivory ring
 26042 | Vaults:5 | Identified the ring of the Nightingale {+Fly rC+} (You
                  | acquired it on level 5 of the Vaults)
 26105 | Vaults:5 | Reached XP level 23. HP: 185/198 MP: 25/25
 26147 | Vaults:5 | Reached skill level 18 in Earth Magic
 26254 | Vaults:5 | Identified the +0 leather armour of Koisil {rN++ Slay-3}
                  | (You found it on level 5 of the Vaults)
 26521 | Vaults:4 | Found Neheogeom's Antique Armour Emporium.
 26665 | Vaults:2 | Found a staircase to the Crypt.
 26672 | Crypt:1  | Entered Level 1 of the Crypt
 26745 | Crypt:1  | Reached skill level 14 in Transmutations
 26823 | Crypt:1  | Reached skill level 19 in Earth Magic
 26890 | Crypt:1  | Found the +9 sword of Zonguldrok {reap}
 27251 | Crypt:2  | Reached skill level 3 in Spellcasting
 27381 | Crypt:3  | Entered Level 3 of the Crypt
 27453 | Crypt:3  | Got a crude golden ring
 27455 | Crypt:3  | Identified the ring of the Sun {Fire Str-2 Dex+9 Stlth+}
                  | (You found it on level 3 of the Crypt)
 27507 | Crypt:3  | Found a basalt altar of Yredelemnul.
 27534 | Crypt:3  | Reached skill level 4 in Spellcasting
 27576 | Crypt:3  | Reached skill level 20 in Earth Magic
 27653 | Crypt:3  | Reached skill level 15 in Transmutations
 27687 | Crypt:3  | Found the +8 demon blade "Leech" {vamp, rN+ AC-3 EV-3}
 27721 | Crypt:3  | Identified the Almanac of the Ghastly Glacier
 27727 | Crypt:3  | Got a twitching platinum amulet
 27728 | Crypt:3  | Identified the amulet "Yngajial" {Faith rElec rF- rC-
                  | Int+9} (You found it on level 3 of the Crypt)
 27731 | Crypt:3  | Got a fine marble ring
 27733 | Crypt:3  | Identified the ring of Pellomeo {rF+ rN+ Int+3} (You found
                  | it on level 3 of the Crypt)
 27838 | Crypt:3  | Reached skill level 5 in Spellcasting
 27937 | Crypt:3  | Reached XP level 24. HP: 206/206 MP: 25/25
 28002 | Crypt:3  | Found a staircase to the Tomb.
 28043 | Tomb:1   | Entered Level 1 of the Tomb of the Ancients
 28223 | Tomb:1   | Reached skill level 6 in Spellcasting
 28239 | Tomb:1   | Irenicus: ?? passwall
 28239 | Tomb:1   | beem: passwall[1/4]: Allows passing through diggable
                  | wall/statues with a free turn (useful for guaranteed
                  | stabbing) on the other side. Delay before passing is
                  | 2+distance turns and is not stopped if attacked. Range is
                  | 1-13 based on earth/spell power; guaranteed minimum is
                  | 1+earth/8 tiles (max of 4, at skill 24). In 0.15, range is
                  | based purely on spellpower.
 28254 | Tomb:1   | Irenicus: ?? guardian mummy
 28254 | Tomb:1   | beem: guardian mummy[1/1]: A mummy, like normal ones but
                  | bigger, beefier, and with {necromancy miscast}s for death
                  | curses. No spells! If you see one of these in Crypt, Khufu
                  | is probably on the level.
 28260 | Tomb:1   | Noticed a greater mummy
 28270 | Tomb:1   | Gained mutation: Potions are less effective at restoring
                  | your health. [a neqoxec]
 28275 | Tomb:1   | Noticed a greater mummy
 28286 | Tomb:1   | HP: 62/267 [death scarab[a greater mummy] (14)]
 28287 | Tomb:1   | Killed a greater mummy
 28291 | Tomb:1   | HP: 27/267 [greater mummy (8)]
 28299 | Tomb:1   | HP: 35/267 [death scarab[a greater mummy] (6)]
 28307 | Tomb:1   | HP: 36/267 [greater mummy/divine providence (6)]
 28309 | Tomb:1   | Killed a greater mummy
 28312 | Tomb:1   | HP: 36/269 [reaper/scythe of venom[a greater mummy's death
                  | curse] (19)]
 28503 | Tomb:1   | Got a pitted golden amulet
 28504 | Tomb:1   | Identified the amulet "Ucofomn" {Faith rElec Int-3 Slay+5}
                  | (You took it off a mummy priest on level 1 of the Tomb of
                  | the Ancients)
 28520 | Tomb:2   | Noticed a greater mummy
 28521 | Tomb:2   | Noticed an ancient lich
 28522 | Tomb:2   | Reached skill level 11 in Fighting
 28522 | Tomb:2   | Noticed a greater mummy
 28523 | Tomb:2   | Noticed a greater mummy
 28538 | Tomb:2   | Cast into level 5 of the Abyss (an ancient lich)
 28538 | Abyss:5  | Entered Level 5 of the Abyss
 28578 | Abyss:5  | Gained mutation: You are dopey. (Int -2) [a neqoxec]
 28586 | Abyss:5  | Gained mutation: Potions are poor at restoring your health.
                  | [a neqoxec]
 28654 | Abyss:5  | Found a shimmering altar of Xom.
 28654 | Abyss:5  | Found a sparkling altar of Nemelex Xobeh.
 28654 | Abyss:5  | Found an ancient bone altar of Kikubaaqudgha.
 28654 | Abyss:5  | Found an iron altar of Okawaru.
 28654 | Abyss:5  | Found a white marble altar of Elyvilon.
 28654 | Abyss:5  | Found a shattered altar of Ashenzari.
 28654 | Abyss:5  | Found a glowing silver altar of Zin.
 28654 | Abyss:5  | Found a burning altar of Makhleb.
 28654 | Abyss:5  | Found a hazy altar of Hepliaklqana.
 28654 | Abyss:5  | Found a stormy altar of Qazlal.
 28656 | Abyss:5  | Found an ornate altar of the Wu Jian Council.
 28658 | Abyss:5  | Found a snail-covered altar of Cheibriados.
 28658 | Abyss:5  | Found a deep blue altar of Sif Muna.
 28658 | Abyss:5  | Found a bloodstained altar of Trog.
 28661 | Abyss:5  | Paralysed by accursed screaming for 1 turns
 28665 | Abyss:5  | Reached skill level 19 in Axes
 28672 | Abyss:5  | Found a glowing golden altar of the Shining One.
 28672 | Abyss:5  | Found a blossoming altar of Fedhas.
 28672 | Abyss:5  | Found a basalt altar of Yredelemnul.
 28672 | Abyss:5  | Found an opulent altar of Gozag.
 28683 | Abyss:5  | Found a hide-covered altar of Uskayaw.
 28683 | Abyss:5  | Found a shadowy altar of Dithmenos.
 28683 | Abyss:5  | Found an opulent altar of Gozag.
 28765 | Abyss:5  | Identified the Catalogue of the Jolly Beggars
 28767 | Abyss:5  | Identified the Incunabulum of Conjuration
 28769 | Abyss:5  | Identified Qaycs's Tome of Venom
 28776 | Abyss:5  | Identified the Tome of Bewitchment
 28806 | Abyss:5  | Identified the Volume of Egomania (You found it on level 5
                  | of the Abyss)
 28815 | Abyss:5  | Identified the Volume of Ignition
 28817 | Abyss:5  | Identified the Compendium of Enhancements
 28818 | Abyss:5  | Identified the Papyrus of Confrontation
 28889 | Abyss:5  | Reached skill level 12 in Fighting
 29021 | Abyss:5  | Lost mutation: Potions are poor at restoring your health.
                  | [potion of mutation]
 29021 | Abyss:5  | Lost mutation: Your spells are a little harder to cast, but
                  | a little more powerful. [potion of mutation]
 29021 | Abyss:5  | Gained mutation: You can translocate small distances at
                  | will. [potion of mutation]
 29022 | Abyss:5  | Lost mutation: Your magical capacity is low. (-10% MP)
                  | [potion of mutation]
 29022 | Abyss:5  | Lost mutation: You are dopey. (Int -2) [potion of mutation]
 29022 | Abyss:5  | Gained mutation: You have a pair of small horns on your
                  | head. [potion of mutation]
 29022 | Abyss:5  | Gained mutation: Your flesh is cold resistant. (rC+)
                  | [potion of mutation]
 29199 | Abyss:5  | Reached XP level 25. HP: 219/223 MP: 14/27
 29209 | Abyss:5  | Paralysed by accursed screaming for 1 turns
 29216 | Abyss:5  | Reached skill level 20 in Axes
 29257 | Abyss:5  | Reached skill level 13 in Fighting
 29258 | Abyss:5  | Paralysed by accursed screaming for 2 turns
 29261 | Abyss:5  | Paralysed by accursed screaming for 2 turns
 29368 | Abyss:5  | Paralysed by accursed screaming for 1 turns
 29578 | Abyss:5  | Paralysed by accursed screaming for 2 turns
 29585 | Abyss:5  | Reached skill level 14 in Fighting
 29604 | Abyss:5  | Got an abyssal rune of Zot
 29653 | Abyss:5  | Gained mutation: Scrolls take you a little longer to read.
                  | [a neqoxec]
 29656 | Abyss:5  | Gained mutation: Your spells are a little easier to cast,
                  | but a little less powerful. [a neqoxec]
 29693 | Abyss:5  | Reached skill level 21 in Axes
 29719 | Tomb:2   | Escaped the Abyss
 29730 | Tomb:2   | Killed a greater mummy
 29731 | Tomb:2   | Killed a greater mummy
 29740 | Tomb:2   | Killed a greater mummy
 29745 | Tomb:2   | Killed an ancient lich
 29815 | Tomb:1   | Noticed a greater mummy
 29815 | Tomb:1   | Noticed a greater mummy
 29824 | Tomb:1   | Noticed a greater mummy
 29827 | Tomb:1   | Killed a greater mummy
 29828 | Tomb:1   | Killed a greater mummy
 29828 | Tomb:1   | Reached skill level 15 in Fighting
 29830 | Tomb:1   | Noticed a greater mummy
 29835 | Tomb:1   | Killed a greater mummy
 29843 | Tomb:1   | Killed a greater mummy
 29867 | Tomb:2   | Noticed Mara
 29893 | Tomb:2   | Noticed Irenicus's illusion
 29900 | Tomb:2   | Killed Mara
 29903 | Tomb:2   | Lost mutation: Your spells are a little easier to cast, but
                  | a little less powerful. [potion of mutation]
 29903 | Tomb:2   | Lost mutation: Your flesh is cold resistant. (rC+) [potion
                  | of mutation]
 29903 | Tomb:2   | Lost mutation: Potions are less effective at restoring your
                  | health. [potion of mutation]
 29903 | Tomb:2   | Lost mutation: You have a pair of small horns on your head.
                  | [potion of mutation]
 29903 | Tomb:2   | Gained mutation: Scrolls take you longer to read. [potion
                  | of mutation]
 29903 | Tomb:2   | Gained mutation: Your system is resistant to poisons.
                  | (rPois) [potion of mutation]
 30011 | Tomb:2   | Reached XP level 26. HP: 185/242 MP: 27/27
 30139 | Tomb:1   | Noticed a greater mummy
 30156 | Tomb:1   | Killed a greater mummy
 30156 | Tomb:1   | HP: 73/314 [torment (9)]
 30156 | Tomb:1   | Reached skill level 22 in Axes
 30192 | Tomb:1   | Noticed a greater mummy
 30197 | Tomb:1   | HP: 54/242 [greater mummy/divine providence (2)]
 30203 | Tomb:1   | HP: 28/242 [greater mummy (15)]
 30210 | Tomb:1   | Killed a greater mummy
 30210 | Tomb:1   | HP: 42/242 [torment (6)]
 30215 | Tomb:1   | Noticed a greater mummy
 30222 | Tomb:1   | HP: 41/242 [??? (12)]
 30227 | Tomb:1   | Killed a greater mummy
 30227 | Tomb:1   | HP: 47/242 [torment (13)]
 30249 | Tomb:1   | Noticed a greater mummy
 30261 | Tomb:1   | Killed a greater mummy
 30262 | Tomb:1   | Noticed a greater mummy
 30275 | Tomb:1   | Killed a greater mummy
 30291 | Tomb:1   | Noticed a greater mummy
 30297 | Tomb:1   | Noticed a greater mummy
 30300 | Tomb:1   | Killed a greater mummy
 30300 | Tomb:1   | HP: 75/317 [greater mummy's death curse (12)]
 30301 | Tomb:1   | Noticed a greater mummy
 30306 | Tomb:1   | Killed a greater mummy
 30306 | Tomb:1   | HP: 78/317 [torment (9)]
 30306 | Tomb:1   | Reached skill level 16 in Fighting
 30313 | Tomb:1   | HP: 64/317 [??? (1)]
 30314 | Tomb:1   | Killed a greater mummy
 30357 | Tomb:1   | Noticed a greater mummy
 30360 | Tomb:1   | Noticed a greater mummy
 30361 | Tomb:1   | HP: 75/317 [greater mummy/divine providence (6)]
 30362 | Tomb:1   | Noticed a greater mummy
 30366 | Tomb:1   | Killed a greater mummy
 30370 | Tomb:1   | HP: 68/319 [jiangshi[a greater mummy] (7)]
 30373 | Tomb:1   | HP: 31/319 [greater mummy/divine providence (6)]
 30374 | Tomb:1   | Killed a greater mummy
 30376 | Tomb:1   | HP: 8/319 [something (17)]
 30380 | Tomb:1   | Killed a greater mummy
 30468 | Tomb:3   | Entered Level 3 of the Tomb of the Ancients
 30478 | Tomb:3   | Noticed a greater mummy
 30479 | Tomb:3   | Noticed a greater mummy
 30480 | Tomb:3   | Noticed a greater mummy
 30482 | Tomb:3   | Noticed a greater mummy
 30487 | Tomb:3   | HP: 75/318 [??? (13)]
 30492 | Tomb:3   | HP: 72/318 [??? (11)]
 30492 | Tomb:3   | HP: 32/318 [greater mummy/divine providence (11)]
 30496 | Tomb:3   | Killed a greater mummy
 30496 | Tomb:3   | Reached skill level 23 in Axes
 30497 | Tomb:3   | HP: 48/322 [??? (7)]
 30500 | Tomb:3   | HP: 23/322 [reaper/scythe of slicing[a mummy priest's death
                  | curse] (5)]
 30502 | Tomb:3   | HP: 3/322 [reaper/scythe of slicing[a mummy priest's death
                  | curse] (19)]
 30502 | Tomb:3   | Slain by a reaper

Skill      XL: |  1  2  3  4  5  6  7  8  9 10 11 12 13 14 15 16 17 18 19 20 21 22 23 24 25 26 |
---------------+-------------------------------------------------------------------------------+-----
Short Blades   | 2 4 7 9 |  9.0
Stealth        | 5 6 7 |  7.1
Fighting       | 2 4 10 12 15 16 | 16.8
Dodging        | 5 10 12 13 | 13.2
Evocations     | 2 6 12 14 | 14.0
Long Blades    | 4 |  4.0
Shields        | 2 4 11 16 17 20 22 24 25 | 25.1
Armour         | 2 5 |  5.1
Translocations | 8 |  8.3
Spellcasting   | 2 5 6 |  6.1
Axes           | 3 13 18 19 21 23 | 23.0
Earth Magic    | 8 14 17 20 | 20.7
Transmutations | 5 10 13 15 | 15.5
Throwing       | |  1.7

Action                   |  1- 3 |  4- 6 |  7- 9 | 10-12 | 13-15 | 16-18 | 19-21 | 22-24 | 25-27 || total
-------------------------+-------+-------+-------+-------+-------+-------+-------+-------+-------++-------
Melee: Dagger            |    87 |    95 |   363 |     7 |     2 |       |       |       |       ||   554
       Short sword       |       |       |   412 |       |       |       |       |       |       ||   412
       Scimitar          |       |       |    48 |   542 |   954 |       |       |       |       ||  1544
       Falchion          |       |       |       |       |   825 |       |       |       |       ||   825
       War axe           |       |       |       |       |   152 |   124 |       |       |       ||   276
       Rapier            |       |       |       |       |     1 |       |       |       |       ||     1
       Broad axe         |       |       |       |       |       |  1103 |  1279 |  1511 |   503 ||  4396
       Headbutt          |       |       |       |       |       |       |       |    28 |   115 ||   143
 Fire: Blowgun           |     4 |     3 |    10 |       |       |     4 |       |       |       ||    21
Throw: Throwing net      |       |       |     1 |     2 |       |       |       |       |       ||     3
 Cast: Apportation       |       |       |       |     9 |    53 |    38 |    87 |    71 |     4 ||   262
       Statue Form       |       |       |       |       |       |       |       |     6 |    13 ||    19
Invok: Lesser Servant of |       |       |       |       |     1 |     1 |       |       |       ||     2
 Abil: Heal Wounds       |       |     1 |     4 |     8 |    16 |     4 |       |     1 |     9 ||    43
       End Transformatio |       |       |       |       |       |       |       |     2 |       ||     2
       Evoke Flight      |       |       |       |       |       |       |       |     1 |       ||     1
Evoke: Wand              |       |       |    14 |    42 |    58 |     5 |     2 |     2 |    24 ||   147
       Lightning rod     |       |       |       |       |     4 |    20 |     3 |       |     1 ||    28
       Lamp of fire      |       |       |       |       |       |       |     3 |     1 |     2 ||     6
       Phial of floods   |       |       |       |       |       |       |     2 |       |       ||     2
       Fan of gales      |       |       |       |       |       |       |       |       |     1 ||     1
  Use: Potion            |       |     4 |     5 |     3 |     4 |    11 |     2 |     9 |    10 ||    48
       Scroll            |       |       |    12 |     5 |    22 |    17 |    10 |    14 |       ||    80
 Stab: Sleeping          |     7 |     7 |    17 |    25 |    26 |    12 |    12 |     5 |     2 ||   113
       Distracted        |       |       |     1 |     1 |       |     5 |    14 |     3 |     1 ||    25
       Confused          |       |       |       |     1 |       |       |       |       |       ||     1
       Held in net/web   |       |       |       |     2 |       |       |       |       |       ||     2
       Paralysed         |       |       |       |       |     1 |       |       |       |       ||     1
       Invisible         |       |       |       |       |     7 |       |       |       |       ||     7
  Eat: Chunk             |       |     1 |     9 |    14 |    22 |     7 |    11 |     7 |       ||    71
       Ration            |       |       |     1 |       |     2 |     4 |     3 |     3 |     4 ||    17
Armor: Robe              |    17 |     8 |       |       |       |       |       |       |       ||    25
       Leather armour    |       |     6 |   135 |   140 |   197 |       |       |       |       ||   478
       Skin              |       |       |    52 |       |       |       |       |    93 |   129 ||   274
       Ring mail         |       |       |       |       |    67 |   237 |   179 |   187 |    65 ||   735
Dodge: Dodged            |    62 |    54 |   352 |   559 |  1203 |   569 |   448 |   707 |   355 ||  4309
Block: Buckler           |       |       |       |   109 |   163 |       |       |       |       ||   272
       Large shield      |       |       |       |       |  2884 |  1904 |  1656 |  2300 |   866 ||  9610
       Rpst.: Scimitar   |       |       |    11 |   157 |   180 |       |       |       |       ||   348
       Falchion          |       |       |       |       |   116 |       |       |       |       ||   116

Vault maps used:
D:1:      roderic_octagonal_star
D:2:      chequers_ecumenical_altar_simple, uniq_sigmund, uniq_natasha,
          uniq_terence
D:3:      serial_glass, glass_columns_a, glass_columns_b, uniq_grinder
D:4:      lemuel_round_altar, gammafunk_temple_overflow_wave, uniq_robin
D:5:      minmay_temple_entry_poolview, first_ration,
          nicolae_ossuary_entry_giza, fountainhead, uniq_pikel, uniq_duvessa,
          uniq_blork_the_orc, uniq_edmund
D:6:      kennysheep_mini, serial_shops, shop, ebering_ghost_rock_garden,
          kennysheep_generic_room_14
D:7:      cheibrodos_fzero, nemelex_xobeh_ov_fountains_minmay, the_bakery,
          uniq_harold
D:8:      erik_lair_dragon, special_room
D:9:      bloody_trog, serial_shops, shop, chequers_guarded_unrand_ignorance
D:11:     nicolae_trove_entry_free_sample
D:12:     orc_0_dummy, serial_shops, shop, kennysheep_small_square
D:13:     nicolae_underground_beach, uniq_azrael, uniq_kirke
D:14:     grunt_vaults_entry_fortified, minmay_misc_feat_rows, minivault_26,
          uniq_rupert
D:15:     hangedman_depths_entry_civil_slaughter,
          nicolae_dithmenos_shadow_blocks
Temple:   regret_index_temple_sphere_string
Lair:2:   minmay_snake_entry_spellcaster
Lair:3:   roderic_batcave, worms_lemuel
Lair:4:   beast_lair_carwin_large_1, elwin_shoals_entry_rooms,
          grunt_megastairs_4
Lair:5:   portal_ice_cave_rime, basic_altar, lookout_lair_type,
          kennysheep_abandoned_house, uniq_josephine
Lair:6:   minmay_lair_end_enchanted_forest, nicolae_slime_entry_slimehenge,
          minmay_lair_oklob_chamber
Shoals:1: cheibrodos_shoals_epimethial_gifts, uniq_frances
Shoals:2: nicolae_shoals_dead_sea_scrolls
Shoals:3: serial_shops, nicolae_shop_stone, nicolae_shoals_square_sea_wall,
          st_sunken_temple
Shoals:4: shoals_end_hangedman, nicolae_shoals_cliffside_cave
Snake:1:  grunt_megastairs_1
Snake:2:  cheibrodos_forgotten_conduit, minmay_snake_pond
Snake:3:  basic_altar, minmay_shoptagon, uniq_vashnia, uniq_asterion
Snake:4:  grunt_snake_rune_pools, serial_shops, shop, uniq_saint_roka
Slime:3:  basic_altar
Orc:1:    serial_shops, shop
Orc:2:    st_orc_mages, serial_shops, shop
Elf:1:    eino_elf_arrival_shootout, hangedman_elf_disciples, minivault_25
Elf:2:    basic_altar, infiniplex_enter_wizlab_water
Elf:3:    minmay_elf_hall_dome, minmay_misc_feat_cross, guppyfry_elf_lava,
          minmay_shop_star
Vaults:1: v_misc_4, nicolae_vaults_network_periphery, v_rooms_5,
          hangedman_vaults_capsules, hangedman_vaults_maws,
          nicolae_vaults_little_squares_1,
          nicolae_vaults_windows_and_doors_thing, ontoclasm_vaults_ring_small,
          st_cross, serial_shops, nicolae_shop_behind_doors
Vaults:2: minmay_crypt_entry_simple_statues, ontoclasm_vaults_ring_square,
          v_alt_pattern_6, vaults_room_grid, hangedman_vaults_locks, v_misc_24,
          vaults_room_hallway, vaults_dpeg_ring, dpeg_vaults_monster_box
Vaults:3: grunt_vaults_funnel, nicolae_vaults_murderbox, grunt_vaults_trifunnel,
          hangedman_vaults_unwind, hangedman_vaults_corner_blocks, v_misc_4,
          ontoclasm_vaults_shuriken, vaults_mumra_hexcomb,
          nicolae_vaults_hallways_thing, nicolae_vaults_network_s,
          nicolae_vaults_little_ls
Vaults:4: hangedman_vaults_restitches, ontoclasm_vaults_claustrophobia,
          hangedman_vaults_restitches, ontoclasm_vaults_chip,
          vaults_room_corners, nicolae_vaults_disjoint_gnomons,
          vaults_room_fours, v_misc_23, nicolae_vaults_back_hallway,
          nicolae_vaults_c_with_doors, nicolae_vaults_circle_grid_b,
          serial_shops, shop
Vaults:5: serial_shops
Crypt:1:  wad_floor_pattern_1, grunt_ministairs_4,
          minmay_guarded_unrand_zonguldrok, grunt_crypt_arrival_split
Crypt:2:  roderic_lattice_octagonal_star, uniq_boris
Crypt:3:  evilmike_haunted_forest
Tomb:2:   uniq_mara
Depths:1: hell_entry, cheibriados_altar_1, minmay_swirly_circle
Depths:2: spriggan_forest, hell_entry, abyss_entry, serial_shops
Abyss:5:  grunt_abyss_rune_forest_and_sorcery, evilmike_abyss_exit_17,
          serial_sigils_hangedman_gut
Trove:    trove_simple
Ossuary:  ossuary_tomb_1
IceCv:    ice_cave_statue_garden_chambered
WizLab:   wizlab_iskenderun

Table legend:
 A = Turns spent in this place as a percentage of turns spent in the entire game.
 B = Non-inter-level travel turns spent in this place as a percentage of non-inter-level travel turns spent in the entire game.
 C = Inter-level travel turns spent in this place as a percentage of turns spent in this place.
 D = Turns resting spent in this place as a percentage of non-inter-level travel turns spent in this place.
 E = Turns spent auto-exploring this place as a percentage of non-inter-level travel turns spent in this place.
 F = Non-inter-level travel turns spent in this place divided by the number of levels of this place that you've seen.
                   A       B       C       D       E      F
               +-------+-------+-------+-------+-------+----------------------
         Total | 100.0 | 100.0 |   5.9 |   0.0 |   0.0 | 486.4
       Dungeon |  32.9 |  32.2 |   8.0 |   0.1 |   0.1 | 615.3
        Temple |   0.4 |   0.3 |  24.3 |   0.0 |   0.0 |  87.0
          Lair |  12.7 |  12.1 |  10.6 |   0.0 |   0.0 | 578.2
        Shoals |   6.7 |   6.9 |   2.4 |   0.0 |   0.0 | 498.2
     Snake Pit |   9.3 |   9.4 |   4.7 |   0.0 |   0.0 | 675.0
    Slime Pits |   1.9 |   2.0 |   0.0 |   0.0 |   0.0 | 113.8
  Orcish Mines |   3.6 |   3.1 |  18.2 |   0.0 |   0.0 | 451.5
   Elven Halls |   6.9 |   6.9 |   5.6 |   0.0 |   0.0 | 662.3
        Vaults |   4.9 |   5.1 |   2.9 |   0.0 |   0.0 | 291.6
         Crypt |   4.5 |   4.8 |   0.0 |   0.0 |   0.0 | 457.0
          Tomb |   4.2 |   4.5 |   0.0 |   0.0 |   0.0 | 426.0
        Depths |   3.9 |   4.1 |   1.2 |   0.0 |   0.0 | 592.0
          Hell |   0.5 |   0.6 |   0.0 |   0.0 |   0.0 | 162.0
         Abyss |   3.9 |   4.1 |   0.0 |   0.0 |   0.0 | 1181.0
         Trove |   0.2 |   0.2 |   0.0 |   0.0 |   0.0 |  67.0
       Ossuary |   1.7 |   1.8 |   0.0 |   0.0 |   0.0 | 508.0
      Ice Cave |   0.7 |   0.7 |   0.0 |   0.0 |   0.0 | 212.0
        Wizlab |   1.1 |   1.2 |   0.0 |   0.0 |   0.0 | 340.0
               +-------+-------+-------+-------+-------+----------------------

Table legend:
 A = Kills in this place as a percentage of kills in entire the game.
 B = Kills by you in this place as a percentage of kills by you in the entire game.
 C = Kills by friends in this place as a percentage of kills by friends in the entire game.
 D = Other kills in this place as a percentage of other kills in the entire game.
 E = Experience gained in this place as a percentage of experience gained in the entire game.
 F = Experience gained in this place divided by the number of levels of this place that you have seen.
                   A       B       C       D       E      F
               +-------+-------+-------+-------+-------+----------------------
         Total | 100.0 | 100.0 | 100.0 | 100.0 | 100.0 | 24144.2
       Dungeon |  16.8 |  16.8 |   0.0 |   8.3 |   3.7 | 3533.0
          Lair |   9.4 |   9.5 |   0.0 |   0.0 |   3.7 | 8686.5
        Shoals |   5.2 |   5.1 |   0.0 |  16.7 |   5.2 | 18596.5
     Snake Pit |   8.6 |   8.5 |   0.0 |  25.0 |   8.3 | 29655.2
    Slime Pits |   3.0 |   3.0 |   0.0 |   0.0 |   4.0 | 11298.6
  Orcish Mines |   4.1 |   4.1 |   0.0 |   8.3 |   0.8 | 5430.5
   Elven Halls |   6.7 |   6.7 |   0.0 |   8.3 |   8.5 | 40594.7
        Vaults |   8.1 |   8.1 |   0.0 |   0.0 |  14.4 | 40908.2
         Crypt |   7.0 |   7.0 |   0.0 |   0.0 |   8.3 | 39304.7
          Tomb |   8.0 |   8.1 |   0.0 |   0.0 |  18.1 | 85848.3
        Depths |   6.5 |   6.4 | 100.0 |   8.3 |   7.5 | 53305.0
          Hell |   2.7 |   2.7 |   0.0 |   0.0 |   3.4 | 48495.0
         Abyss |  10.7 |  10.7 |   0.0 |  25.0 |  12.0 | 170689.0
       Ossuary |   1.5 |   1.5 |   0.0 |   0.0 |   0.0 | 504.0
      Ice Cave |   0.4 |   0.4 |   0.0 |   0.0 |   0.2 | 3004.0
        Wizlab |   1.3 |   1.3 |   0.0 |   0.0 |   2.0 | 27947.0
               +-------+-------+-------+-------+-------+----------------------
